AoeStats
← Maty

Arena

510048251Analyzed
4v4 RM · 3d ago on Sep 29, 2026· 48m 3s· 8 players
Game mode
Random Map
Map size
Large (8 player)
Population
200
Speed
Normal
Resources
Standard
Victory
Conquest
Starting age
Dark Age
Ending age
Imperial Age
RankedLock teamsTeams togetherTeam positionsShared explorationLock speedFull tech treeHidden civsTurbo modeCheats
Victory
Defeat
🇨🇳 Ethiopians · China
1615
+10
🇨🇳 Spanish · China
1528
+13
🇹🇼 Bohemians · Taiwan
1513
+14
🇹🇼 Britons · Taiwan
1480
+15
🇻🇳 Vietnamese · Vietnam
1634
-19
🇪🇨 Saxons · Ecuador
1460
-13
🇦🇷 Saxons · Argentina
1436
-12
🇮🇳 Celts · India
1344
-8
绿油精点眼睛
11:59 Feudal Age
12:49 Double-Bit Axe
15:39 Castle Age
13:28 Horse Collar
17:19 Bow Saw
17:30 Fervor
18:46 Loom
22:01 Wheelbarrow
27:39 Imperial Age
26:53 Chemistry
25:58 Scale Mail Armor
27:19 Sanctity
27:45 Chain Mail Armor
27:40 Forging
28:12 Ballistics
28:33 Hand Cart
28:04 Town Watch
29:44 Two-Man Saw
29:57 Plate Mail Armor
30:02 Iron Casting
29:43 Heavy Plow
30:12 Conscription
29:58 Wagenburg Tactics
29:17 Pikeman
29:58 Squires
30:14 Arson
30:02 Halberdier
30:49 Fletching
32:55 Blast Furnace
32:24 Houfnice
34:00 Siege Engineers
33:42 Arrowslits
34:30 Bodkin Arrow
35:55 Heavy Scorpion
36:43 Bracer
41:13 Murder Holes
41:28 Masonry
41:36 Fortified Wall
43:34 Architecture
acyhjujaxuzjkt
12:52 Feudal Age
14:31 Double-Bit Axe
14:30 Horse Collar
17:21 Castle Age
15:24 Gold Mining
16:09 Padded Archer Armor
16:21 Bloodlines
18:56 Leather Archer Armor
18:42 Husbandry
28:52 Bow Saw
30:32 Wheelbarrow
30:27 Heavy Plow
31:43 Hand Cart
31:14 Loom
31:16 Town Watch
36:53 Imperial Age
34:35 Forging
34:31 Scale Barding Armor
36:28 Iron Casting
36:55 Chain Barding Armor
36:56 Cavalier
38:38 Blast Furnace
38:00 Conscription
38:52 Plate Barding Armor
39:12 Paladin
49:02 Two-Man Saw
48:02 Light Cavalry
hzos6240
9:12 Feudal Age
12:43 Castle Age
10:55 Double-Bit Axe
11:38 Horse Collar
14:20 Bow Saw
19:54 Loom
21:09 Gold Mining
21:09 Stone Mining
22:25 Wheelbarrow
26:46 Imperial Age
26:07 Fletching
26:17 Padded Archer Armor
26:27 Crossbowman
27:24 Bodkin Arrow
27:35 Town Watch
28:40 Bracer
30:24 Chemistry
30:29 Thumb Ring
32:24 Leather Archer Armor
33:18 Arbalester
36:34 Ring Archer Armor
36:24 Hand Cart
37:59 Siege Engineers
40:11 Torsion Engines
42:27 Two-Man Saw
44:29 Conscription
43:30 Elite Shotel Warrior
44:11 Scale Mail Armor
44:21 Forging
44:59 Gold Shaft Mining
44:59 Stone Shaft Mining
44:26 Heavy Plow
45:57 Chain Mail Armor
46:18 Iron Casting
45:44 Squires
45:29 Arson
47:19 Plate Mail Armor
46:57 Capped Ram
快樂 543
11:04 Feudal Age
12:26 Double-Bit Axe
15:11 Castle Age
12:53 Horse Collar
13:31 Gold Mining
16:23 Bow Saw
16:45 Heavy Plow
17:55 Loom
21:01 Stone Mining
22:29 Wheelbarrow
28:17 Imperial Age
26:10 Fletching
26:20 Padded Archer Armor
26:48 Ballistics
26:32 Town Watch
26:49 Bodkin Arrow
28:01 Leather Archer Armor
28:13 Murder Holes
29:14 Yeomen
29:45 Conscription
30:28 Chemistry
29:29 Bracer
30:48 Ring Archer Armor
31:29 Elite Longbowman
35:09 Siege Engineers
40:36 Coinage
43:27 Fortified Wall
43:06 Elite Skirmisher
48:04 Two-Man Saw
snek_fan
10:18 Feudal Age
14:08 Castle Age
12:09 Double-Bit Axe
12:29 Horse Collar
18:15 Loom
20:48 Wheelbarrow
21:31 Bow Saw
22:49 Gold Mining
24:06 Hand Cart
23:51 Fletching
25:31 Stone Mining
26:45 Ballistics
31:32 Imperial Age
29:42 Town Watch
30:37 Heavy Plow
32:15 Bodkin Arrow
35:23 Heavy Scorpion
36:46 Conscription
37:47 Chemistry
37:48 Hoardings
38:34 Capped Ram
This is Kawaii
9:55 Feudal Age
11:48 Wheelbarrow
14:00 Castle Age
12:28 Double-Bit Axe
12:53 Horse Collar
14:54 Bow Saw
14:47 Heavy Plow
21:07 Hand Cart
20:38 Loom
22:47 Gold Mining
24:13 Stone Mining
28:16 Imperial Age
25:52 Fletching
27:10 Stone Shaft Mining
26:55 Bodkin Arrow
26:28 Elite Skirmisher
27:33 Ballistics
28:02 Padded Archer Armor
27:56 Town Watch
28:32 Treadmill Crane
29:05 Thumb Ring
29:17 Leather Archer Armor
29:16 Forging
29:40 Bracer
30:48 Chemistry
29:13 Imperial Skirmisher
31:07 Ring Archer Armor
31:13 Iron Casting
31:11 Scale Barding Armor
32:29 Siege Engineers
32:35 Elite Rattan Archer
33:37 Chain Barding Armor
35:00 Two-Man Saw
41:29 Capped Ram
Maty
10:35 Feudal Age
9:24 Loom
14:20 Castle Age
12:25 Double-Bit Axe
16:06 Bow Saw
16:58 Town Watch
27:10 Wheelbarrow
26:49 Horse Collar
29:54 Imperial Age
28:21 Ballistics
28:09 Fletching
28:46 Bodkin Arrow
28:56 Gold Mining
30:36 Bracer
30:00 Crossbowman
31:17 Padded Archer Armor
32:32 Thumb Ring
34:41 Chemistry
34:26 Arbalester
36:08 Elite Skirmisher
37:14 Elite Skirmisher
38:53 Leather Archer Armor
38:17 Elite Skirmisher
Shab
10:31 Feudal Age
11:15 Double-Bit Axe
14:05 Castle Age
11:52 Horse Collar
15:19 Bow Saw
15:26 Heavy Plow
20:33 Heavy Plow
21:09 Wheelbarrow
22:48 Hand Cart
22:19 Town Watch
22:28 Gold Mining
24:03 Stone Mining
25:03 Gold Shaft Mining
26:16 Loom
29:48 Imperial Age
28:14 Scale Mail Armor
28:24 Forging
29:12 Gambesons
28:47 Man-at-Arms
30:03 Squires
30:24 Masonry
30:26 Long Swordsman
30:52 Arson
31:23 Chain Mail Armor
32:24 Two-Man Saw
32:14 Iron Casting
32:22 Conscription
31:26 Two-Handed Swordsman
32:07 Shield Wall
33:23 Hoardings
33:19 Plate Mail Armor
32:15 Champion
37:43 Crop Rotation
37:48 Siege Engineers
38:05 Ballistics
38:46 Chemistry
38:17 Architecture
37:38 Fletching
39:12 Coinage
38:43 Caravan
38:57 Guilds
39:27 Bodkin Arrow
40:05 Treadmill Crane
40:21 Murder Holes
41:37 Fortified Wall
40:58 Pikeman
41:39 Elite Hearth Troop
42:33 Bracer
42:38 Halberdier
44:55 Halberdier
Connection lost

Rejoining the realm…

Still unreachable

The connection could not be restored.

Session expired

The server has moved on; the page needs a fresh start.